 Dungeon Crawl Stone Soup version 0.22.1-2-g9c5b331 (webtiles) character file.

312 Cetarim the Chopper (level 6, -4/53 HPs)
             Began as a Minotaur Fighter on Dec 30, 2018.
             Killed by divine providence
             ... invoked by an orc priest
              (17 damage)
             ... on level 3 of the Dungeon.
             The game lasted 00:05:37 (2320 turns).

Cetarim the Chopper (Minotaur Fighter)              Turns: 2320, Time: 00:05:38

Health: -4/53      AC: 12    Str: 23    XL:     6   Next: 18%
Magic:  5/5        EV:  4    Int:  5    God:
Gold:   142        SH: 10    Dex:  9    Spells: 5/5 levels left

rFire    + . .     SeeInvis .   a - +0 war axe
rCold    . . .     Gourm    .   c - +0 shield
rNeg     . . .     Faith    .   i - +0 plate armour
rPois    .         Spirit   .   (helmet restricted)
rElec    .         Reflect  .   (no cloak)
rCorr    +         Harm     .   (no gloves)
MR       .....                  (no boots)
Stlth    ..........             n - amulet of the acrobat
HPRegen  0.17/turn              g - ring of resist corrosion
MPRegen  0.09/turn              j - ring of protection from fire

@: no status effects
A: retaliatory headbutt, horns 2
a: no special abilities


You were on level 3 of the Dungeon.
You were not hungry.

You visited 1 branch of the dungeon, and saw 3 of its levels.
You also visited: Sewer.

You collected 142 gold pieces.

Inventory:

Hand Weapons
 a - a +0 war axe (weapon)
 s - a cursed +0 hand crossbow
Missiles
 k - 32 arrows
 t - 29 bolts
Armour
 b - a +0 scale mail
 c - a +0 shield (worn)
 i - a +0 plate armour (worn)
Jewellery
 g - a ring of resist corrosion (left hand)
 j - a ring of protection from fire (right hand)
 l - an uncursed amulet of magic regeneration {unknown}
 n - an amulet of the acrobat (around neck)
Scrolls
 e - 2 scrolls of teleportation
 h - a scroll of enchant armour {unknown}
 p - 2 scrolls of fear
 r - a scroll of blinking {unknown}
Potions
 d - 2 potions of might
 m - 2 potions of curing {unknown}
 o - 2 potions of brilliance
 q - a potion of heal wounds {unknown}
 u - 2 potions of flight {unknown}
 v - a potion of resistance {unknown}
Comestibles
 f - 4 rations


   Skills:
 + Level 4.4 Fighting
 + Level 5.8 Axes
 + Level 4.8 Armour
 + Level 4.9 Shields


You had 5 spell levels left.
You didn't know any spells.
Your spell library was empty.

Dungeon Overview and Level Annotations

Branches:
Dungeon (3/15)

Altars:


Innate Abilities, Weirdness & Mutations

You reflexively headbutt those who attack you in melee.
You have a pair of horns on your head.


Message History

You miss the orc wizard. Your headbutt misses the orc wizard.
The orc wizard hits you but does no damage.
You writhe in agony.
* * * LOW HITPOINT WARNING * * *
The orc priest mumbles some strange prayers to Beogh against you.
You barely resist.
The orc wizard hits you but does no damage.
You writhe in agony.
* * * LOW HITPOINT WARNING * * *
You hit the orc wizard.
The orc wizard is heavily wounded.
The orc wizard hits you but does no damage.
You block the orc wizard's attack.
You miss the orc wizard. Your headbutt misses the orc wizard.
The orc wizard is heavily wounded.
Your plate armour prevents you from hitting the orc priest.
The orc wizard hits you but does no damage.
The orc priest mumbles some strange prayers to Beogh against you.
Beogh smites you!
You die...

#.#.....)......#..# #.
##.#...........##..#######.
##...#.....###..............
#..........# #..############
#....(.....# #..†#
#..........# #.#.#
##...#.##### #.#.#####
##.##.#######.#.....#
#.##....o@##.#####.#
#.#######o##.# #.# #S##.#
#.# #.##(# #.# #.# #.# ...
... ... .#.##


You could see an orc priest, an orc wizard and an adder.

Vanquished Creatures
  A big kobold (Sewer)
  A hound (D:3)
  Terence (D:2)
  A worker ant (D:3)
  6 adders
  A river rat (Sewer)
  4 oozes
  3 worms
  4 leopard geckos
  4 orcs (D:3)
  3 giant cockroaches
  5 goblins
  6 hobgoblins
  4 jackals (D:1)
  A quokka (D:3)
  2 ball pythons
  2 bats
  6 frilled lizards
  11 kobolds
  11 rats
  4 bushes (D:1)
81 creatures vanquished.

Notes
Turn   | Place    | Note
-------+----------+-------------------------------------------
     0 | D:1      | Cetarim the Minotaur Fighter began the quest for the Orb.
     0 | D:1      | Reached XP level 1. HP: 19/19 MP: 0/0
   126 | D:1      | Reached XP level 2. HP: 27/27 MP: 1/1
   723 | D:2      | Reached XP level 3. HP: 33/33 MP: 2/2
   737 | D:2      | Noticed Terence
   742 | D:2      | Killed Terence
   742 | D:2      | Reached skill level 3 in Axes
   838 | D:2      | Reached XP level 4. HP: 40/40 MP: 3/3
  1391 | D:3      | Reached skill level 4 in Axes
  1503 | D:3      | Reached XP level 5. HP: 26/47 MP: 4/4
  1510 | D:3      | Found a glowing drain.
  1580 | D:3      | Reached skill level 5 in Axes
  1594 | Sewer    | Entered a sewer
  1851 | Sewer    | Reached XP level 6. HP: 51/53 MP: 5/5
  2320 | D:3      | Killed from afar by an orc priest

Skill      XL: |  1  2  3  4  5 |
---------------+----------------+-----
Fighting       | 4 |  4.4
Shields        | 4 |  4.9
Armour         | 4 |  4.8
Axes           | 3 4 5 |  5.8

Action                   |  1- 3 |  4- 6 || total
-------------------------+-------+-------++-------
Melee: War axe           |   218 |   177 ||   395
       Headbutt          |    59 |    25 ||    84
  Use: Scroll            |       |     3 ||     3
  Eat: Chunk             |       |     6 ||     6
Armor: Plate armour      |    31 |   121 ||   152
       Scale mail        |     4 |       ||     4
Dodge: Dodged            |    10 |    45 ||    55
Block: Shield            |    30 |    84 ||   114
